 Dungeon Crawl Stone Soup version 0.30-a0-879-ga8ba668304 (webtiles) character file.

Game seed: 2222491384637294166

573964 lessens the Conqueror (level 25, -16/231 HPs)
             Began as a Red Draconian Berserker on Mar 13, 2023.
             Was the Champion of Trog.
             Succumbed to poison (dark miasma)
             ... on level 4 of the Abyss.
             The game lasted 03:11:36 (86290 turns).

lessens the Conqueror (Red Draconian Berserker)    Turns: 86290, Time: 03:11:36

Health: -16/231    AC: 24    Str: 27    XL:     25   Next: 72%
Magic:  6/23       EV: 30    Int:  7    God:    Trog [******]
Gold:   4864       SH:  5    Dex: 19    Spells: 24/24 levels left

rFire   + + +      SeeInvis +    b - +8 frozen axe "Frostbite" {freeze, freezing cloud, *Noise Fly rC+}
rCold   + + +      Faith    .    (shield currently unavailable)
rNeg    . . .      Spirit   .    (body armour unavailable)
rPois   .          Reflect  +    N - +2 hat {Will+}
rElec   +          Rampage  .    s - +2 cloak {rF+}
rCorr   .                        P - +2 pair of gloves {infuse}
Will    ++++.                    Q - +3 pair of mountain boots {steadfast, rC+}
Stlth   ++++++                   k - amulet "Poclikir" {Reflect rElec rC+ SH+5}
HPRegen 1.00/turn                C - ring "Hopoq" {+Blink rF++ Slay+6 SInv}
MPRegen 0.18/turn                d - ring "Bashryik" {Dex+3 Slay+4}

@: lethally poisoned (-16 -> -67), strong-willed, sick, flying, regenerating,
slowed, studying 3 skills, silenced, very slow
A: breathe fire, AC +12, unfitting armour, fire resistance 2, cold-blooded,
deterioration 1, frail 1, screaming 1, devolution 1
}: 3/15 runes: barnacled, slimy, gossamer
a: Breathe Fire, Renounce Religion, Evoke Blink


You were on level 4 of the Abyss.
You worshipped Trog.
Trog was exalted by your worship.
You visited 10 branches of the dungeon, and saw 51 of its levels.
You visited the Abyss 2 times.
You visited 1 bazaar.
You also visited: Sewer, Bailey, Gauntlet and Volcano.

You collected 8255 gold pieces.
You spent 3391 gold pieces at shops.

Inventory:

Hand Weapons
 a - a +9 vampiric executioner's axe
 b - the +8 frozen axe "Frostbite" (weapon) {freeze, freezing cloud, *Noise Fly rC+}
   (Trog gifted it to you on level 1 of the Vaults)

   rC:        It protects you from cold.
   Fly:       It grants you flight.
   *Noise:    It may make noises in combat.
Missiles
 e - 455 stones (quivered)
Armour
 s - a +2 cloak of fire resistance (worn)
 N - a +2 hat of willpower (worn)
 P - a +2 pair of gloves of infusion (worn)
 Q - the +3 pair of mountain boots (worn) {steadfast, rC+}
   (You acquired it on level 1 of the Depths)

   Steadfast: It prevents involuntary movement, except for blinking,
   teleportation, or banishment.
   rC:        It protects you from cold.
Jewellery
 d - the ring "Bashryik" (right hand) {Dex+3 Slay+4}
   (You acquired it on level 1 of the Spider Nest)

   [ring of slaying]

   Dex:       It affects your dexterity (+3).
   Slay:      It affects your accuracy & damage with ranged weapons and melee
   (+4).
 k - the amulet "Poclikir" (around neck) {Reflect rElec rC+ SH+5}
   (You took it off a deep elf zephyrmancer on level 3 of the Elven Halls)

   [amulet of reflection]

   It reflects blocked missile attacks.
   rC:        It protects you from cold.
   rElec:     It insulates you from electricity.
   SH:        It affects your SH (+5).
 C - the ring "Hopoq" (left hand) {+Blink rF++ Slay+6 SInv}
   (You bought it in a shop in a bazaar)

   [ring of see invisible]

   Slay:      It affects your accuracy & damage with ranged weapons and melee
   (+6).
   rF:        It greatly protects you from fire.
   SInv:      It lets you see invisible.
   +Blink:    It lets you blink.
 R - a ring of poison resistance
 T - the ring of Mere {rCorr Int+4 Dex+2}
   (You acquired it on level 1 of the Spider Nest)

   [ring of resist corrosion]

   Int:       It affects your intelligence (+4).
   Dex:       It affects your dexterity (+2).
   rCorr:     It protects you from acid and corrosion.
 Y - a ring of willpower
Wands
 g - a wand of iceblast (28)
 j - a wand of digging (16)
 r - a wand of flame (36)
 M - a wand of quicksilver (57)
 O - a wand of mindburst (8)
Scrolls
 f - 11 scrolls of butterflies
 h - 7 scrolls of fear
 m - 15 scrolls of teleportation
 n - 6 scrolls of enchant weapon
 q - a scroll of blinking
 u - 2 scrolls of silence
 w - 5 scrolls of fog
 y - 7 scrolls of magic mapping
 z - 9 scrolls of enchant armour
 F - 6 scrolls of vulnerability
 L - 5 scrolls of poison
 W - 4 scrolls of torment
Potions
 i - 17 potions of lignification
 o - 3 potions of magic
 p - 16 potions of curing
 t - 2 potions of invisibility
 v - 5 potions of resistance
 x - 3 potions of haste
 B - 8 potions of might
 D - 8 potions of mutation
 E - 5 potions of ambrosia
 H - 6 potions of heal wounds
 I - 2 potions of attraction
 J - 7 potions of flight
 U - 9 potions of cancellation
Miscellaneous
 c - a phial of floods
 l - a phantom mirror
 A - a phantom mirror
 G - a phantom mirror
 K - a phantom mirror
 S - a phantom mirror
 V - a tin of tremorstones (2/2)
 X - a lightning rod (4/4)
 Z - a condenser vane


   Skills:
 O Level 27 Fighting
 - Level 24.0 Axes
 + Level 25.1 Dodging
 - Level 15.2 Stealth
 + Level 16.1 Evocations


You had 24 spell levels left.
You didn't know any spells.
Your spell library was empty.

Dungeon Overview and Level Annotations

Branches:
Dungeon (15/15) Zot: 23769  Temple (0/1) D:7            Lair (5/5) D:10 Zot: 22030
 Shoals (4/4) Lair:3 Zot: 18443  Spider (4/4) Lair:2 Zot: 13515   Slime (5/5) Lair:4 Zot: 25932
    Orc (2/2) D:12 Zot: 8651     Elf (3/3) Orc:2 Zot: 11613  Vaults (4/5) D:14 Zot: 13417
  Crypt (0/3) Vaults:2     Depths (4/4) D:15 Zot: 17480     Zot (5/5) Depths:4 Zot: 19557
  Sewer (visited)          Bailey (visited)         Volcano (visited)
Gauntlet (visited)

Altars:
Ashenzari
Cheibriados
Elyvilon
Fedhas
Gozag
Hepliaklqana
Makhleb
Okawaru
Sif Muna
Uskayaw
Vehumet
Xom
Yredelemnul
Zin
Jiyva

Shops:
D:4 =   D:7 ::   D:10 *   D:11 [   D:12 *   Orc:2 [[*(:   Elf:2 =:=
Shoals:1 !   Shoals:2 (

Portals:
Hell: Depths:1 Depths:2 Depths:3 Depths:4
Abyss: Depths:2 Depths:3 Depths:4
Pandemonium: Depths:2 Depths:3
Ziggurat: Depths:4
Trove: Elf:1 (give 19 potions of curing)

Annotations:
D:4 exclusion: oklob plant
D:11 3 runed translucent doors, domi's ghost, journeyman DsCj
Elf:2 6 transporters
Depths:2 2 runed translucent doors
Zot:4 1 runed translucent door, Wefy's ghost, legendary GnIE


Innate Abilities, Weirdness & Mutations

You can breathe blasts of fire.
Your fiery red scales are hard. (AC +12)
You cannot fit into any form of body armour.
Your flesh is very heat resistant. (rF++)
You are cold-blooded and may be slowed by cold attacks.
Your body sometimes deteriorates upon taking damage.
You are frail. (-10% HP)
You occasionally shout uncontrollably at your foes.
You have hidden genetic defects.


Message History

* * * LOW HITPOINT WARNING * * *
The bone dragon completely misses you. x2; The ancient zyme barely misses you.
The ancient zyme closely misses you.
You feel ill.
You barely miss the death drake. You tail-slap the death drake.
The death drake is severely wounded.
You slice the bone dragon!! You freeze the bone dragon.
You barely miss the ancient zyme.
* * * LOW HITPOINT WARNING * * *
You feel very sick.
The death drake is no longer moving slowly.
The death drake is engulfed in freezing vapours.
The death drake breathes miasma at you. The foul vapour misses you.
You block the ancient zyme's attack. x2
The bone dragon misses you. The bone dragon completely misses you.
The bone dragon misses you.
You feel much better.
You are engulfed in dark miasma.
You are lethally poisoned!
You feel as though you will be slow longer.
* * * LOW HITPOINT WARNING * * *
x2 You feel extremely sick.
The death drake is engulfed in freezing vapours.
The death drake barely misses you. You block the ancient zyme's attack.
The ancient zyme completely misses you.
The bone dragon bites you but does no damage.
The bone dragon claws you.
* * * LOW HITPOINT WARNING * * *
The bone dragon closely misses you.
The death drake is engulfed in freezing vapours.
The death drake seems to slow down.
You kill the death drake!
Trog accepts your kill.
You feel the corruption within you wane completely.
You begin to regenerate regardless of the presence of monsters.
The bone dragon attacks as you move away!
You block the bone dragon's attack.
The bone dragon claws you but does no damage.
The bone dragon misses you.
You are engulfed in dark miasma.
You are more poisoned.
* * * LOW HITPOINT WARNING * * *
You die...

~~... ~...
#...## ..#.#
# #...
.##.###..###
.....°○x°..#
#.....D○°#
#...W.°°@#
#....#.°.#
.... #...#
... #.#.# ..
.?#.. #
.###.# ..
..# .. ###


You could see a bone dragon, an ancient zyme and a silent spectre (silencing).

Vanquished Creatures
  the Royal Jelly (Slime:5)
  Mara (Spider:3)
  4 orbs of fire
  Mennas (Vaults:3)
  3 juggernauts
  5 Killer Klowns
  Bai Suzhen (Vaults:3)
  3 curse toes
  A caustic shrike (Depths:4)
  9 golden dragons
  A bone dragon (Depths:4)
  A profane servitor (Abyss:3)
  3 doom hounds
  An electric golem (Zot:5)
  11 tentacled monstrosities
  22 Orb Guardians (Zot:5)
  Mlioglotl (Spider:3)
  Grunn (Zot:3)
  Asterion (Vaults:1)
  A titan (Depths:4)
  3 deep elf blademasters
  6 quicksilver dragons
  11 acid blobs
  3 sphinxes
  3 ancient champions (Depths:3)
  Gastronok (Lair:2)
  Frances (Shoals:1)
  4 krakens (Shoals:2)
  11 death cobs
  Kirke (Shoals:3)
  A tentacled starspawn (Abyss:2)
  Donald (Shoals:1)
  3 tengu reavers
  8 shadow dragons
  Roxanne (Shoals:1)
  7 storm dragons
  13 azure jellies
  6 draconian monks
  7 fire giants
  12 rockslimes
  12 vault wardens
  5 draconian knights
  12 frost giants
  A balrug (Depths:1)
  Louise (Depths:4)
  7 emperor scorpions
  3 draconian shifters
  5 deep elf sorcerers
  6 draconian scorchers
  10 ghost moths
  4 angels
  Aizul (Shoals:1)
  8 orc warlords
  6 draconian stormcallers
  A war gargoyle (Vaults:4)
  4 spriggan defenders
  4 deep elf elementalists (Elf:3)
  7 ironbound thunderhulks
  10 draconian annihilators
  12 ironbound preservers
  9 very ugly things
  4 quicksilver oozes
  A broodmother (Spider:3)
  14 green draconians
  7 deep elf demonologists (Elf:3)
  11 stone giants
  6 vampire knights
  10 deep elf annihilators
  4 spark wasps
  A minotaur (Gauntlet)
  Azrael (D:13)
  12 black draconians
  10 purple draconians
  28 dire elephants
  12 yellow draconians
  10 red draconians
  20 white draconians
  A lorocyproca (Depths:3)
  7 deep elf death magi
  6 merfolk impalers
  3 merfolk javelineers
  A mummy priest (Depths:3)
  6 fire dragons
  10 yaktaur captains
  5 ettins
  3 vault guards
  7 deep elf high priests
  5 entropy weavers
  3 hydras
  14 great orbs of eyes
  3 rakshasas
  7 ice dragons
  2 radroaches
  2 jorogumos
  5 spriggan air magi
  An ogre mage (D:15)
  2 catoblepae
  2 merfolk avatars (Shoals:4)
  13 ironbound frosthearts
  The ghost of Keluf the Fighter, a journeyman GrFi of the Shining One (D:15)
  30 dancing weapons
  7 merfolk aquamancers
  7 two-headed ogres
  6 alligator snapping turtles
  6 boulder beetles
  4 deep troll shamans
  8 centaur warriors
  2 death knights (Vaults:2)
  13 death yaks
  7 deep troll earth magi
  4 orc high priests
  A satyr (shapeshifter) (D:15)
  7 tengu warriors
  2 soul eaters (Depths:3)
  2 hell knights (Depths:3)
  15 deep elf knights
  5 spriggan berserkers
  Amaemon (Lair:2)
  7 spriggans (Depths:4)
  A salamander mystic (Depths:3)
  A sun demon (D:13)
  A wretched star (Abyss:4)
  2 pharaoh ants
  A skeletal warrior (D:8)
  2 sun moths
  8 iron trolls
  9 orb spiders
  17 wizards
  A kraken simulacrum (Shoals:4)
  43 deep trolls
  A flayed ghost (Depths:1)
  A death drake (Abyss:4)
  7 deep elf archers
  2 glowing orange brains
  26 orc knights
  18 sea snakes
  5 phantasmal warriors
  15 lindwurms
  20 ironbound convokers
  7 harpies
  17 wolf spiders
  11 steelbarb worms
  31 deep elf pyromancers
  An oklob plant (Lair:1)
  A sphinx zombie (Depths:2)
  4 necromancers
  25 deep elf zephyrmancers
  44 ugly things
  5 shining eyes
  5 orc sorcerers
  6 fauns (Shoals:2)
  A salamander (shapeshifter) (D:14)
  8 cyclopes
  8 elephants
  20 manticores
  A guardian serpent (shapeshifter) (Abyss:4)
  6 merfolk sirens
  A fire giant skeleton (Depths:2)
  6 eyes of devastation
  4 smoke demons
  4 torpor snails
  23 moths of wrath
  A frost giant skeleton (Depths:2)
  Maurice (D:13)
  3 orange demons
  14 vault sentinels
  7 demonic crawlers
  A titan simulacrum (Vaults:1)
  5 water nymphs
  12 cane toads
  4 gargoyles
  Maggie (Lair:2)
  2 freezing wraiths (D:15)
  3 efreet
  An ice devil (D:13)
  A rime drake (Lair:4)
  5 komodo dragons
  40 yaktaurs
  8 tengu conjurers
  A spriggan skeleton (Depths:2)
  A queen bee (D:11)
  4 polar bears
  2 meliai (shapeshifter)
  3 meliai
  5 wind drakes
  8 trolls
  18 merfolk
  29 tarantellas
  14 blink frogs
  7 hornets (Depths:4)
  11 dream sheep
  6 snapping turtles
  21 jumping spiders
  20 culicivoras
  A blink frog (shapeshifter) (D:14)
  70 slime creatures
  30 water elementals
  4 air elementals
  2 large abominations
  6 shadows
  6 basilisks
  24 yaks
  5 wraiths
  8 fire elementals
  2 vampires (D:10)
  5 wyverns
  3 golden eyes (Slime:2)
  A steam dragon (Lair:3)
  4 hogs (Shoals:3)
  65 redbacks
  13 vampire mosquitoes
  A chaos spawn (Zot:2)
  An elf skeleton (Vaults:1)
  7 wargs
  2 acid dragons
  A human simulacrum (Vaults:1)
  A floating eye (Depths:2)
  A hell hound (D:13)
  9 water moccasins
  56 orc warriors
  Pargi (Sewer)
  A human skeleton (Depths:2)
  3 ice beasts
  A sky beast (D:8)
  A black bear (shapeshifter) (D:14)
  A black bear (D:7)
  10 ogres
  2 boggarts
  13 wolves
  7 centaurs
  2 kobold brigands (D:8)
  A small abomination (Abyss:4)
  14 bullfrogs
  A wyvern zombie (D:8)
  7 earth elementals
  A gnoll sergeant (D:5)
  5 scorpions
  7 wights (D:8)
  A killer bee (shapeshifter) (Zot:2)
  20 killer bees
  2 electric eels
  A howler monkey (D:10)
  4 crimson imps (D:13)
  A gnoll bouda (D:5)
  4 jellies
  4 hounds
  16 orc priests
  7 starcursed masses (Abyss:2)
  5 iguanas
  11 hell rats
  A sleepcap (D:7)
  17 orc wizards
  A killer bee zombie (D:8)
  13 gnolls
  5 adders
  3 shadow imps (Gauntlet)
  8 white imps
  2 ufetubi
  2 worms
  3 dart slugs (D:1)
  55 orcs
  7 ball pythons
  4 bats
  7 endoplasms
  3 giant cockroaches
  6 goblins
  8 hobgoblins
  3 jackals (D:1)
  16 kobolds
  4 quokkas
  9 frilled lizards
  A rat (D:1)
  2 pillars of salt (Zot:2)
  14 tentacles
2052 creatures vanquished.

Vanquished Creatures (collateral kills)
  2 very ugly things (Depths:1)
  2 redbacks (Spider:1)
4 creatures vanquished.

Vanquished Creatures (others)
  A fire giant (Depths:3)
  A wizard (Depths:3)
  A deep elf zephyrmancer (Elf:3)
  A rime drake (Lair:3)
  A redback (Spider:4)
  A butterfly (Zot:2)
  65 fungi
  3 pillars of salt (Zot:2)
  104 plants
  4 starspawn tentacles
  19 tentacles
  17 withered plants (Gauntlet)
218 creatures vanquished.

Grand Total: 2274 creatures vanquished

Notes
Turn   | Place    | Note
-------+----------+-------------------------------------------
     0 | D:1      | lessens the Draconian Berserker began the quest for the
                  | Orb.
     0 | D:1      | Reached XP level 1. HP: 19/19 MP: 1/1
   107 | D:1      | You fall into a shaft and drop 1 floor!
   226 | D:1      | Reached XP level 2. HP: 26/26 MP: 2/2
   815 | D:1      | Reached XP level 3. HP: 31/31 MP: 3/3
  1506 | D:2      | Identified the +10 mace of Jotawkuac {freeze, Stlth+}
  1949 | D:3      | Reached ** piety under Trog
  2125 | D:3      | Found a faded altar of an unknown god.
  2479 | D:3      | Found a shimmering blue altar of Sif Muna.
  2534 | D:3      | Found a faded altar of an unknown god.
  2534 | D:3      | Found the Hermit's Pendant {Faith Invo=14 Evo=0 MP+5}
  2546 | D:3      | Reached skill level 5 in Axes
  2546 | D:3      | Reached XP level 4. HP: 35/38 MP: 4/4
  2795 | D:4      | Found a radiant altar of Vehumet.
  2800 | D:4      | Noticed a scorpion
  2823 | D:4      | Killed a scorpion
  2824 | D:4      | Reached XP level 5. HP: 28/45 MP: 14/14
  3082 | D:4      | Found a glowing drain.
  3094 | Sewer    | Entered a sewer
  3110 | Sewer    | Reached XP level 6. HP: 46/51 MP: 16/16
  3164 | Sewer    | Noticed Pargi
  3176 | Sewer    | Killed Pargi
  3420 | D:4      | Found Tofot's Jewellery Emporium.
  3431 | D:4      | Found an opulent altar of Gozag.
  3695 | D:4      | Found an iron altar of Okawaru.
  3753 | D:4      | Reached *** piety under Trog
  4035 | D:4      | Found a blossoming altar of Fedhas.
  4055 | D:4      | Noticed an oklob plant
  4119 | D:5      | Entered Level 5 of the Dungeon
  4119 | D:5      | Noticed an ice beast
  4131 | D:5      | Killed an ice beast
  4208 | D:5      | Your scales start taking on a fiery red colour.
  4208 | D:5      | Reached XP level 7. HP: 57/57 MP: 17/17
  4208 | D:5      | Gained mutation: Your flesh is heat resistant. (rF+) [Red
                  | Draconian growth]
  4572 | D:5      | Found a white marble altar of Elyvilon.
  5008 | D:5      | Reached XP level 8. HP: 59/63 MP: 18/18
  5104 | D:5      | Reached skill level 10 in Axes
  5684 | D:6      | Reached **** piety under Trog
  6292 | D:7      | Found Xifohiz's Vocational Training.
  6423 | D:7      | Found Ufuoca's Book Emporium.
  6451 | D:7      | Found a staircase to the Ecumenical Temple.
  6760 | D:7      | Reached XP level 9. HP: 70/70 MP: 19/19
  7029 | D:8      | Identified the +5 hand axe of Offence {heavy, Int+3}
  7167 | D:8      | Noticed a two-headed ogre
  7196 | D:8      | Killed a two-headed ogre
  7197 | D:8      | Reached skill level 5 in Dodging
  7496 | D:8      | Noticed a troll
  7503 | D:8      | Noticed a skeletal warrior
  7508 | D:8      | Killed a troll
  7761 | D:8      | Found a burning altar of Makhleb.
  7792 | D:8      | Reached XP level 10. HP: 66/77 MP: 20/20
  7908 | D:8      | Killed a skeletal warrior
  8348 | D:8      | Found a hide-covered altar of Uskayaw.
  8502 | D:8      | Found a basalt altar of Yredelemnul.
  8547 | D:9      | Found a snail-covered altar of Cheibriados.
  8765 | D:9      | Reached ***** piety under Trog
  8805 | D:9      | Found a shimmering altar of Xom.
  9151 | D:9      | Received a gift from Trog
 10001 | D:10     | Entered Level 10 of the Dungeon
 10055 | D:10     | Found a flagged portal.
 10085 | Bailey   | Entered a bailey
 10323 | Bailey   | Reached skill level 4 in Fighting
 10622 | Bailey   | Found a large runed translucent door.
 10622 | Bailey   | Found a large runed translucent door.
 10623 | Bailey   | Noticed a deep elf zephyrmancer
 10623 | Bailey   | Noticed an orc knight
 10642 | Bailey   | Killed an orc knight
 10832 | Bailey   | Killed a deep elf zephyrmancer
 10833 | Bailey   | Reached skill level 5 in Fighting
 10925 | D:10     | Found Eatteu's Eclectic Emporium.
 10930 | D:10     | Bought a potion of experience for 700 gold pieces
 10930 | D:10     | Reached skill level 10 in Fighting
 10930 | D:10     | Reached XP level 11. HP: 101/101 MP: 21/21
 10951 | D:10     | Reached skill level 15 in Axes
 11113 | D:10     | Reached XP level 12. HP: 102/108 MP: 22/22
 11272 | D:10     | Found a staircase to the Lair.
 11331 | D:10     | HP: 4/108 [shadow (5)]
 12097 | D:10     | Paralysed by an orc for 4 turns
 12240 | D:10     | Received a gift from Trog
 12328 | D:10     | Found the +8 Vampire's Tooth {megavamp}
 12848 | D:11     | Found Taedy's Antique Armour Emporium.
 13350 | D:11     | Found a runed translucent gate.
 13351 | D:11     | Found a runed translucent gate.
 13351 | D:11     | Noticed domi's ghost (journeyman DsCj)
 13354 | D:11     | Found a runed translucent gate.
 13835 | D:12     | Noticed a two-headed ogre
 13841 | D:12     | Killed a two-headed ogre
 13979 | D:12     | Found Manwubla's Gadget Gallery.
 14234 | D:12     | Found a staircase to the Orcish Mines.
 14235 | D:12     | Noticed a two-headed ogre
 14250 | D:12     | Killed a two-headed ogre
 14676 | Orc:1    | Entered Level 1 of the Orcish Mines
 15149 | Orc:2    | Entered Level 2 of the Orcish Mines
 15149 | Orc:2    | Found Akot's Armour Shop.
 15254 | Orc:2    | Found a staircase to the Elven Halls.
 15460 | Orc:2    | Reached XP level 13. HP: 99/114 MP: 23/23
 16011 | Orc:1    | You fall into a shaft and drop 1 floor!
 16011 | Orc:2    | Found Lava's Antique Weapon Shoppe.
 16037 | Orc:1    | Received a gift from Trog
 16393 | Orc:2    | Noticed an orc warlord
 16393 | Orc:2    | Found Hoahe's Antique Armour Boutique.
 16588 | Orc:2    | Noticed an orc warlord
 16670 | Lair:1   | Entered Level 1 of the Lair of Beasts
 16729 | Lair:1   | Found a dark tunnel.
 16762 | Volcano  | Entered a volcano
 17001 | Lair:1   | Found an iron altar of Okawaru.
 18192 | Lair:2   | Noticed Amaemon
 18196 | Lair:2   | Killed Amaemon
 18198 | Lair:2   | Noticed Maggie
 18280 | Lair:2   | Killed Maggie
 18445 | Lair:2   | Found an iron altar of Okawaru.
 18459 | Lair:2   | Received a gift from Trog
 18858 | Lair:2   | Found a hole to the Spider Nest.
 19009 | Lair:2   | Noticed Gastronok
 19015 | Lair:2   | Reached skill level 1 in Stealth
 19170 | Lair:2   | Killed Gastronok
 19914 | Lair:3   | Found a gate leading to a gauntlet.
 19921 | Gauntlet | Entered a Gauntlet
 19921 | Gauntlet | Found a transporter.
 19921 | Gauntlet | Found a transporter.
 19922 | Gauntlet | Found a transporter.
 19925 | Gauntlet | Found a transporter.
 19926 | Gauntlet | Found a transporter.
 19935 | Gauntlet | Found a transporter.
 19936 | Gauntlet | Found a transporter.
 19946 | Gauntlet | Noticed a blizzard demon
 19958 | Gauntlet | Found a transporter.
 19968 | Gauntlet | Found a transporter.
 20014 | Gauntlet | Found a transporter.
 20016 | Gauntlet | Found a large runed translucent door.
 20017 | Gauntlet | Found a large runed translucent door.
 20018 | Gauntlet | Found a large runed translucent door.
 20018 | Gauntlet | Found a large runed translucent door.
 20018 | Gauntlet | Found a runed translucent door.
 20018 | Gauntlet | Found a runed translucent door.
 20019 | Gauntlet | Found a large runed translucent door.
 20020 | Gauntlet | Found a large runed translucent door.
 20020 | Gauntlet | Found a large runed translucent door.
 20020 | Gauntlet | Found a large runed translucent door.
 20020 | Gauntlet | Found a large runed translucent door.
 20020 | Gauntlet | Found a transporter.
 20020 | Gauntlet | Found a large runed translucent door.
 20021 | Gauntlet | Found a large runed translucent door.
 20021 | Gauntlet | Found a large runed translucent door.
 20022 | Gauntlet | Found a runed translucent gate.
 20022 | Gauntlet | Found a runed translucent gate.
 20022 | Gauntlet | Found a runed translucent gate.
 20024 | Gauntlet | Found a transporter.
 20041 | Gauntlet | a wolf spider changed into an ettin
 20041 | Gauntlet | Noticed an ettin (glowing shapeshifter)
 20045 | Gauntlet | an ettin changed into a spark wasp
 20045 | Gauntlet | Noticed a spark wasp (glowing shapeshifter)
 20050 | Gauntlet | a spark wasp changed into a radroach
 20053 | Gauntlet | Noticed a quicksilver dragon
 20059 | Gauntlet | a quicksilver dragon changed into an azure jelly
 20059 | Gauntlet | Noticed an azure jelly (glowing shapeshifter)
 20060 | Gauntlet | an azure jelly changed into a dire elephant
 20060 | Gauntlet | Noticed a dire elephant (glowing shapeshifter)
 20062 | Gauntlet | a dire elephant changed into a fire giant
 20062 | Gauntlet | Noticed a fire giant (glowing shapeshifter)
 20063 | Gauntlet | a fire giant changed into a quicksilver dragon
 20063 | Gauntlet | Noticed a quicksilver dragon (glowing shapeshifter)
 20067 | Gauntlet | a quicksilver dragon changed into an eleionoma
 20067 | Gauntlet | Noticed an eleionoma (glowing shapeshifter)
 20076 | Gauntlet | an eleionoma changed into a shadow dragon
 20076 | Gauntlet | Noticed a shadow dragon (glowing shapeshifter)
 20077 | Gauntlet | a shadow dragon changed into an alligator snapping turtle
 20100 | Gauntlet | Noticed a quicksilver dragon
 20101 | Gauntlet | a quicksilver dragon changed into a dire elephant
 20101 | Gauntlet | Noticed a dire elephant (glowing shapeshifter)
 20102 | Gauntlet | a dire elephant changed into an azure jelly
 20102 | Gauntlet | Noticed an azure jelly (glowing shapeshifter)
 20108 | Gauntlet | an azure jelly changed into a sphinx
 20108 | Gauntlet | Noticed a sphinx (glowing shapeshifter)
 20109 | Gauntlet | a sphinx changed into a shadow dragon
 20109 | Gauntlet | Noticed a shadow dragon (glowing shapeshifter)
 20110 | Gauntlet | a shadow dragon changed into a frost giant
 20110 | Gauntlet | Noticed a frost giant (glowing shapeshifter)
 20112 | Gauntlet | a frost giant changed into a stone giant
 20112 | Gauntlet | Noticed a stone giant (glowing shapeshifter)
 20114 | Gauntlet | a stone giant changed into an alligator snapping turtle
 20125 | Gauntlet | Noticed an iron giant
 20141 | Gauntlet | Found a large runed translucent door.
 20141 | Gauntlet | Found a large runed translucent door.
 20144 | Gauntlet | Found a large runed translucent door.
 20144 | Gauntlet | Found a large runed translucent door.
 20282 | Gauntlet | Reached skill level 5 in Stealth
 20488 | Gauntlet | Reached skill level 12 in Fighting
 20488 | Gauntlet | Reached XP level 14. HP: 118/127 MP: 24/24
 20539 | Gauntlet | Identified the +5 sling "Beetleslayer" {speed, Dex+6}
 20662 | Lair:3   | Received a gift from Trog
 20666 | Lair:3   | Reached XP level 15. HP: 61/133 MP: 25/25
 20969 | Lair:3   | Found a staircase to the Shoals.
 21374 | Lair:3   | Identified the +1 leather armour of the End {Rampage}
 21603 | Lair:3   | Reached skill level 13 in Fighting
 22453 | Lair:4   | Found a staircase to the Slime Pits.
 22470 | Lair:4   | Found a viscous altar of Jiyva.
 23445 | Lair:5   | Entered Level 5 of the Lair of Beasts
 23539 | Lair:5   | Received a gift from Trog
 25509 | Orc:2    | Reached ****** piety under Trog
 25966 | Orc:2    | Found Luleeg's General Store.
 25974 | Orc:2    | Bought a scroll of vulnerability for 72 gold pieces
 25974 | Orc:2    | Bought a potion of curing for 54 gold pieces
 26043 | Orc:2    | Received a gift from Trog
 26053 | Orc:2    | Found Toteumuw's Book Emporium.
 26436 | D:13     | Noticed Azrael
 26450 | D:13     | Killed Azrael
 26696 | D:13     | Noticed Maurice
 26708 | D:13     | Killed Maurice
 27969 | D:14     | Reached XP level 16. HP: 92/145 MP: 26/26
 28375 | D:14     | Found a gate to the Vaults.
 28969 | D:15     | Entered Level 15 of the Dungeon
 29236 | D:15     | Received a gift from Trog
 29696 | D:15     | Found a broken altar of Ashenzari.
 30203 | D:15     | Found a staircase to the Depths.
 30434 | D:15     | Found a runed translucent door.
 30434 | D:15     | Noticed Keluf's ghost (journeyman GrFi)
 30477 | D:15     | Killed Keluf's ghost
 30657 | D:15     | Found a hazy altar of Hepliaklqana.
 30978 | Shoals:1 | Entered Level 1 of the Shoals
 31036 | Spider:1 | Entered Level 1 of the Spider Nest
 31699 | Spider:1 | Identified 2 scrolls of acquirement
 31715 | Spider:1 | Acquired the ring "Bashryik" {Dex+3 Slay+4}
 31724 | Spider:1 | Acquired the ring of Mere {rCorr Int+4 Dex+2}
 32361 | Spider:1 | Received a gift from Trog
 32369 | Spider:1 | Reached skill level 14 in Fighting
 33163 | Spider:1 | HP: 3/147 [culicivora (10)]
 33795 | Spider:2 | Reached skill level 10 in Dodging
 33814 | Spider:2 | Reached XP level 17. HP: 119/154 MP: 1/27
 34552 | Spider:3 | Received a gift from Trog
 35073 | Spider:3 | Reached skill level 15 in Fighting
 36475 | Spider:4 | Entered Level 4 of the Spider Nest
 36533 | Spider:4 | Noticed Mlioglotl
 36998 | Spider:3 | Killed Mlioglotl
 38321 | Spider:4 | Reached skill level 16 in Fighting
 39277 | Spider:4 | Received a gift from Trog
 39726 | Spider:4 | Noticed Mara
 39732 | Spider:4 | Noticed lessens's illusion
 40087 | Spider:4 | Noticed lessens's illusion
 40197 | Spider:4 | Noticed lessens's illusion
 40213 | Spider:3 | Killed Mara
 40476 | Spider:4 | Identified the +7 battleaxe "Septuss" {vamp, rCorr MP+9
                  | Dex+3}
 41514 | Spider:4 | Got a gossamer rune of Zot
 41742 | Shoals:1 | Reached skill level 17 in Fighting
 41749 | Shoals:1 | Noticed Frances
 41750 | Shoals:1 | Noticed Aizul
 41760 | Shoals:1 | Killed Frances
 41768 | Shoals:1 | Killed Aizul
 41768 | Shoals:1 | Received a gift from Trog
 42226 | Shoals:1 | Noticed Donald
 42239 | Shoals:1 | Killed Donald
 42376 | Shoals:1 | Found Ycomy's Distillery.
 42382 | Shoals:1 | Identified Roxanne's Thoughts on Topomancy
 42382 | Shoals:1 | Noticed Roxanne
 42401 | Shoals:1 | Killed Roxanne
 42402 | Shoals:1 | Reached XP level 18. HP: 80/170 MP: 28/28
 42611 | Shoals:1 | Bought a potion of haste for 100 gold pieces
 42611 | Shoals:1 | Bought a potion of flight for 30 gold pieces
 42611 | Shoals:1 | Bought a potion of heal wounds for 50 gold pieces
 42611 | Shoals:1 | Bought a potion of curing for 30 gold pieces
 42611 | Shoals:1 | Bought a potion of mutation for 80 gold pieces
 42611 | Shoals:1 | Bought a potion of mutation for 80 gold pieces
 42611 | Shoals:1 | Bought 2 potions of cancellation for 160 gold pieces
 43068 | Shoals:2 | Found Lubir's Weapon Boutique.
 43505 | Shoals:2 | Received a gift from Trog
 44359 | Shoals:3 | Reached skill level 18 in Fighting
 44839 | Shoals:3 | Noticed Kirke
 44849 | Shoals:3 | Killed Kirke
 44970 | Shoals:4 | Entered Level 4 of the Shoals
 45183 | Shoals:4 | Received a gift from Trog
 45989 | Shoals:4 | Got a barnacled rune of Zot
 46554 | Shoals:4 | Identified the +1 pair of gloves of Xanufeff {*Slow rElec
                  | rC+}
 47104 | D:10     | Bought a scroll of enchant weapon for 105 gold pieces
 47180 | Elf:1    | Entered Level 1 of the Elven Halls
 47201 | Elf:1    | Reached skill level 19 in Fighting
 47670 | Elf:1    | Received a gift from Trog
 48114 | Elf:1    | Found a portal to a secret trove of treasure.
 48594 | Elf:1    | Reached skill level 15 in Dodging
 48594 | Elf:1    | Paralysed by an air elemental for 1 turns
 49035 | Elf:1    | Reached XP level 19. HP: 176/183 MP: 16/29
 49388 | Elf:2    | Received a gift from Trog
 49398 | Elf:2    | Found a transporter.
 49522 | Elf:2    | Found Doohaaf's Jewellery Shoppe.
 49528 | Elf:2    | Found a transporter.
 49559 | Elf:2    | Found Kojur Zet's Book Shop.
 49560 | Elf:2    | Found Lehudupn's Jewellery Shoppe.
 49647 | Elf:2    | Found a transporter.
 49654 | Elf:2    | Found a transporter.
 49994 | Elf:2    | Received a gift from Trog
 50078 | Elf:2    | Reached skill level 20 in Fighting
 50250 | Elf:2    | Found a transporter.
 50254 | Elf:2    | Found a transporter.
 50316 | Elf:2    | Found a huge runed translucent gate.
 50316 | Elf:2    | Found a huge runed translucent gate.
 50316 | Elf:2    | Found a huge runed translucent gate.
 50317 | Elf:2    | Found a huge runed translucent gate.
 50319 | Elf:2    | Found a huge runed translucent gate.
 51174 | Elf:2    | Received a gift from Trog
 51464 | Elf:3    | Entered Level 3 of the Elven Halls
 51471 | Elf:3    | Identified the +0 robe "Turieppe" {Rampage *Corrode rN+
                  | Slay+3}
 51478 | Elf:3    | Identified the +0 buckler of Proximity {Will+ Str+4}
 51822 | Elf:2    | Bought an amulet of reflection for 360 gold pieces
 51962 | Elf:3    | Identified the ring "Ybisk" {EV+5 Dex+5}
 51986 | Elf:3    | Reached skill level 1 in Evocations
 52007 | Elf:3    | Noticed a Tzitzimitl
 52008 | Elf:3    | Noticed a Tzitzimitl
 52940 | Elf:3    | Paralysed by an air elemental for 1 turns
 52950 | Elf:3    | Identified the +8 falchion "Stringbean" {drain, rElec Will+
                  | Str+4}
 52950 | Elf:3    | Identified the amulet "Poclikir" {Reflect rElec rC+ SH+5}
 53505 | Elf:3    | Identified the ring "Voarrime" {Wiz MP+9 Int+6 SInv}
 53509 | Elf:3    | Reached skill level 21 in Fighting
 53548 | Elf:3    | Reached skill level 5 in Evocations
 53869 | Elf:3    | Identified the +4 dagger of Syzoonil {freeze, Contam Dex+4
                  | Stlth+}
 54108 | Vaults:1 | Entered Level 1 of the Vaults
 54562 | Vaults:1 | Reached XP level 20. HP: 158/198 MP: 1/20
 54774 | Vaults:1 | Received a gift from Trog
 54774 | Vaults:1 | Found the +8 frozen axe "Frostbite" {freeze, freezing
                  | cloud, *Noise Fly rC+}
 55628 | Vaults:1 | Reached skill level 22 in Fighting
 56654 | Vaults:1 | Received a gift from Trog
 56681 | Vaults:1 | Noticed Asterion
 56681 | Vaults:1 | Paralysed by a great orb of eyes for 4 turns
 56708 | Vaults:1 | Killed Asterion
 58221 | Vaults:2 | Reached skill level 23 in Fighting
 58611 | Vaults:2 | Received a gift from Trog
 58770 | Vaults:2 | Reached XP level 21. HP: 125/211 MP: 1/21
 59358 | Vaults:2 | Found a staircase to the Crypt.
 61236 | Vaults:3 | Noticed Bai Suzhen
 61250 | Vaults:3 | Killed Bai Suzhen
 61933 | Vaults:3 | Received a gift from Trog
 62191 | Vaults:3 | Noticed Mennas
 62209 | Vaults:3 | Killed Mennas
 62210 | Vaults:3 | Reached skill level 24 in Fighting
 63080 | Vaults:4 | HP: 9/214 [orc warlord/+3 great sword of freezing (10)]
 63386 | Vaults:4 | Found a flickering gateway to a bazaar.
 63393 | Bazaar   | Entered a bazaar
 63450 | Bazaar   | Found Laozok's Jewellery Shoppe.
 63455 | Bazaar   | Found Uhokhor's Armour Boutique.
 63458 | Bazaar   | Bought the ring "Hopoq" {+Blink rF++ Slay+6 SInv} for 645
                  | gold pieces
 63460 | Bazaar   | Bought a ring of flight for 157 gold pieces
 63460 | Bazaar   | Found Qegiybb's Assorted Antiques.
 63470 | Bazaar   | Bought a scroll of fog for 100 gold pieces
 63470 | Bazaar   | Bought a scroll of vulnerability for 100 gold pieces
 63470 | Bazaar   | Bought a scroll of vulnerability for 100 gold pieces
 63470 | Bazaar   | Bought a wand of iceblast (4) for 240 gold pieces
 63470 | Bazaar   | Found Xowuxker's Antique Weapon Shoppe.
 63473 | Bazaar   | Found Wyqin's Magic Scroll Shoppe.
 63484 | Bazaar   | Bought a scroll of fear for 48 gold pieces
 63484 | Bazaar   | Bought a scroll of magic mapping for 90 gold pieces
 63484 | Bazaar   | Bought a scroll of enchant weapon for 90 gold pieces
 64188 | Vaults:4 | Received a gift from Trog
 65683 | Slime:1  | Entered Level 1 of the Pits of Slime
 65949 | Depths:1 | Entered Level 1 of the Depths
 66013 | Depths:1 | Reached XP level 22. HP: 152/224 MP: 9/22
 66041 | Depths:1 | Noticed a juggernaut
 66046 | Depths:1 | Reached skill level 25 in Fighting
 66049 | Depths:1 | Killed a juggernaut
 66404 | Depths:1 | Identified the +2 pair of boots "Torul" {rPois Int-4 Dex+2}
 66692 | Depths:1 | Received a gift from Trog
 66702 | Depths:1 | Acquired 625 gold pieces
 66704 | Depths:1 | Acquired the +3 pair of mountain boots {steadfast, rC+}
 66704 | Depths:1 | Found the +3 pair of mountain boots {steadfast, rC+}
 67032 | Depths:1 | Found a gateway to Hell.
 67076 | Depths:2 | Noticed a juggernaut
 67088 | Depths:2 | Killed a juggernaut
 67163 | Depths:2 | Found a runed translucent door.
 67182 | Depths:2 | Paralysed by a floating eye for 3 turns
 67191 | Depths:2 | Found a runed translucent door.
 67199 | Depths:2 | Found a runed translucent door.
 67201 | Depths:2 | Found a runed translucent door.
 67286 | Depths:2 | Acquired a manual of Stealth
 67336 | Depths:2 | Identified the +5 hand axe of Joyful Slaughter {holy, Drain
                  | Dex+5}
 67704 | Depths:2 | Found a one-way gate leading to the halls of Pandemonium.
 68252 | Depths:2 | Found a one-way gate to the infinite horrors of the Abyss.
 69490 | Depths:3 | Reached skill level 26 in Fighting
 69493 | Depths:3 | Received a gift from Trog
 70419 | Abyss:2  | Cast into level 2 of the Abyss (a deep elf sorcerer)
 70468 | Abyss:2  | Found a large runed translucent door.
 70469 | Abyss:2  | Found a large runed translucent door.
 70469 | Abyss:2  | Found a large runed translucent door.
 70469 | Abyss:2  | Found a large runed translucent door.
 70469 | Abyss:2  | Found a large runed translucent door.
 70469 | Abyss:2  | Found a large runed translucent door.
 70501 | Abyss:2  | Paralysed by accursed screaming for 2 turns
 70509 | Abyss:3  | Found a corrupted altar of Lugonu.
 70605 | Depths:3 | Escaped the Abyss
 70660 | Depths:3 | Identified the amulet of the Furies {Reflect rC+ Int+2
                  | SH+5}
 70662 | Depths:3 | Identified the +0 scale mail of Fedhas's Favour {Int+2}
 70665 | Depths:3 | Received a gift from Trog
 70672 | Depths:3 | Reached XP level 23. HP: 118/226 MP: 0/23
 71012 | Depths:4 | Entered Level 4 of the Depths
 71147 | Depths:4 | Found the +3 crown of Dyrovepreva {rElec Int+2 SInv}
 71182 | Depths:4 | Noticed a juggernaut
 71189 | Depths:4 | Noticed a caustic shrike
 71195 | Depths:4 | Killed a juggernaut
 71226 | Depths:4 | Killed a caustic shrike
 71411 | Depths:4 | Found a gate to the Realm of Zot.
 71435 | Depths:4 | Reached skill level 27 in Fighting
 71726 | Depths:4 | Found a one-way gateway to a ziggurat.
 71745 | Depths:4 | Noticed Louise
 71753 | Depths:4 | Killed Louise
 71836 | Depths:4 | Identified the +5 hand axe of the Scroll {flame, rC++
                  | Int+2}
 71894 | Depths:4 | Received a gift from Trog
 72175 | Depths:4 | Reached skill level 10 in Stealth
 73427 | Slime:3  | Gained mutation: Your body sometimes deteriorates upon
                  | taking damage. [a shining eye]
 73455 | Slime:4  | Received a gift from Trog
 74128 | Slime:5  | Entered Level 5 of the Pits of Slime
 74300 | Slime:5  | Noticed the Royal Jelly
 74952 | Slime:5  | Gained mutation: You occasionally lose the ability to drink
                  | potions when taking damage. [a shining eye]
 74954 | Slime:5  | Gained mutation: Your body often deteriorates upon taking
                  | damage. [a shining eye]
 74961 | Slime:5  | Lost mutation: You occasionally lose the ability to drink
                  | potions when taking damage. [potion of mutation]
 74961 | Slime:5  | Lost mutation: Your body often deteriorates upon taking
                  | damage. [potion of mutation]
 74961 | Slime:5  | Gained mutation: Your flesh is very heat resistant. (rF++)
                  | [potion of mutation]
 74996 | Slime:5  | Found a viscous altar of Jiyva.
 75012 | Slime:5  | Killed the Royal Jelly
 75092 | Slime:5  | Identified the +9 double sword of Exoneration {elec, *Slow
                  | rC+ Str+6 Int+2}
 75129 | Slime:5  | Identified the +4 long sword of Jinaruet {holy, rC+ Dex+2}
 75131 | Slime:5  | Got a slimy rune of Zot
 75132 | Slime:5  | Identified the ring of Qyseywoi {rPois Int+3 SInv}
 75558 | Zot:1    | Entered Level 1 of the Realm of Zot
 76338 | Zot:1    | Reached XP level 24. HP: 249/249 MP: 19/23
 76378 | Zot:1    | Received a gift from Trog
 76968 | Zot:2    | Reached skill level 15 in Stealth
 77194 | Zot:2    | Noticed a Killer Klown
 77195 | Zot:2    | Noticed a Killer Klown
 77197 | Zot:2    | Noticed a Killer Klown
 77225 | Zot:1    | Reached skill level 10 in Evocations
 77996 | Zot:2    | Killed a Killer Klown
 78024 | Zot:2    | Found a shimmering altar of Xom.
 78024 | Zot:2    | Found a shimmering altar of Xom.
 78024 | Zot:2    | Found a glowing silver altar of Zin.
 78024 | Zot:2    | Found a shimmering altar of Xom.
 78025 | Zot:2    | Found a shimmering altar of Xom.
 78025 | Zot:2    | Found a shimmering altar of Xom.
 78055 | Zot:2    | Killed a Killer Klown
 78540 | Zot:2    | Killed a Killer Klown
 80752 | Zot:4    | Noticed Grunn
 81089 | Zot:3    | Killed Grunn
 82000 | Zot:4    | Identified the +0 pair of gloves "Xiavumol" {Contam *Slow
                  | rN+++ Int+4}
 82006 | Zot:4    | Identified the ring "Tanaschu" {AC+4 Str+5 Dex-3}
 82425 | Zot:4    | Received a gift from Trog
 82542 | Zot:4    | Noticed an orb of fire
 82559 | Zot:4    | Killed an orb of fire
 82752 | Zot:4    | Noticed Wefy's ghost (legendary GnIE)
 82766 | Zot:4    | Found a runed translucent door.
 82853 | Zot:4    | Reached XP level 25. HP: 253/257 MP: 11/23
 83879 | Zot:5    | Entered Level 5 of the Realm of Zot
 83907 | Zot:5    | Received a gift from Trog
 84807 | Zot:5    | Noticed an orb of fire
 84811 | Zot:5    | Noticed a Killer Klown
 84821 | Zot:5    | Killed an orb of fire
 84822 | Zot:5    | Reached skill level 15 in Evocations
 84823 | Zot:5    | Noticed an orb of fire
 84828 | Zot:5    | Gained mutation: You occasionally shout uncontrollably at
                  | your foes. [an orb of fire]
 84835 | Zot:5    | Killed a Killer Klown
 84837 | Zot:5    | Killed an orb of fire
 85036 | Zot:5    | Noticed a Killer Klown
 85289 | Zot:5    | Noticed a Killer Klown
 85304 | Zot:5    | Killed a Killer Klown
 85774 | Zot:5    | Noticed an orb of fire
 85781 | Zot:5    | Gained mutation: You are frail. (-10% HP) [an orb of fire]
 85785 | Zot:5    | Gained mutation: You have hidden genetic defects. [an orb
                  | of fire]
 85788 | Zot:5    | Killed an orb of fire
 86222 | Abyss:4  | Cast into level 4 of the Abyss (black draconian)
 86288 | Abyss:4  | HP: 11/231 [poisoned by a death drake (dark miasma)]
 86290 | Abyss:4  | HP: 2/231 [something (14)]
 86290 | Abyss:4  | Succumbed to poison (dark miasma)

Illustrated notes

Levels and vault maps discovered:
D:1:      onia_arrival_pyramid, layout_loops_corners
D:2:      layout_loops_corners
D:3:      layout_basic, mainiacjoe_overflow_alcove_2,
          chequers_ecumenical_altar_simple_redux, hellmonk_guarded_unrand_hermit
D:4:      layout_basic, kennysheep_little_box, vehumet_altar_wand_db,
          mainiacjoe_overflow_paths, tgw_fedhas, cheibrodos_sewer_entry_bend,
          serial_shops, nicolae_inconvenience_store, kennysheep_orc_chapel
D:5:      layout_loops_ring, kennysheep_mini_moat
D:6:      layout_basic
D:7:      layout_loops_ring, minmay_temple_entry_slanted, serial_shops, shop,
          minivault_10, dk_vineyard_3, minivault_23,
          hangedman_abyss_or_decor_stabs, nicolae_shop_vocational
D:8:      kennysheep_blocky_room, layout_basic, nicolae_uskayaw_dance_studio,
          lemuel_zombie_altar_yredelemnul, lemuel_crystal_altar, st_stairs_4,
          skrybe_limestone_x
D:9:      layout_basic, mainiacjoe_overflow_six_doors_small,
          mainiacjoe_overflow_concentric_impassable
D:10:     layout_gridville, minmay_lair_entry_grove, enter_bailey_5,
          nicolae_alphabet_shops, minmay_guarded_unrand_vampires_tooth
D:11:     layout_roguey, serial_shops, nicolae_shop_window_shopping,
          ebering_ghost_rock_garden, nicolae_looking_at_the_future
D:12:     layout_roguey, minmay_orc_entry_temple_small, nicolae_shop_gadgets
D:13:     layout_long_grid, minmay_fire_ice_demons, uniq_azrael, uniq_maurice
D:14:     layout_long_grid, david_vaults_4, hangedman_abyss_or_decor_passed
D:15:     gammafunk_enter_depths_forms, layout_loops_corners,
          ebering_ghost_inner_flame, nicolae_ashenzari_skybound,
          nicolae_hepliaklqana_hippocampus
Lair:1:   layout_regular_city, nicolae_volcano_entry_two_sided,
          lemuel_oklob_altar
Lair:2:   layout_regular_city, dummy_spider_entry, lemuel_centaur_altar,
          uniq_gastronok, uniq_maggie, uniq_amaemon
Lair:3:   layout_regular_city, minmay_shoals_entry_beasts,
          gauntlet_entry_generic, chequers_serial_rivers_small_a
Lair:4:   layout_cave_pods, nicolae_slime_entry_field_trip,
          infiniplex_staircase_pool_2
Lair:5:   grunt_lair_end_beastmaster, layout_concentric_octagons
Shoals:1: layout_shoals, nicolae_shoals_c_island, uniq_roxanne, uniq_frances,
          uniq_aizul, uniq_donald
Shoals:2: layout_shoals, serial_shops, nicolae_shop_bloodbath_and_beyond,
          nicolae_shoals_kraken_party
Shoals:3: layout_shoals, uniq_kirke
Shoals:4: shoals_end_grunt_ice, layout_shoals
Spider:1: layout_spider_delve, hangedman_spider_tarantella_strand
Spider:2: layout_spider_delve
Spider:3: layout_chambers
Spider:4: grunt_spider_rune_circles, uniq_mlioglotl, uniq_mara
Slime:1:  layout_caves
Slime:2:  layout_caves
Slime:3:  nicolae_slime_pool, layout_caves
Slime:4:  layout_caves, nicolae_slime_phagocytosis
Slime:5
Orc:1:    layout_caves
Orc:2:    grunt_orc_gardens, layout_diamond_mine, grunt_orc_garden,
          grunt_orc_garden, grunt_orc_garden, grunt_orc_garden, serial_shops,
          nicolae_shop_advertising_works [nicolae_subvault_shop_adworks]
Elf:1:    layout_loops_corners, trove_entry_hex_spiral, evilmike_minifort,
          grunt_ministairs_2
Elf:2:    elven_hall_of_blades_hangedman_alternative
          [nicolae_blade_entry_hurt_lockers], layout_geoelf_diagonals,
          roderic_three_in_a_row, serial_nicolae_subway,
          nicolae_sub_station_stone, nicolae_sub_station_metal,
          nicolae_sub_station_crystal, minmay_shop_grove
Elf:3:    minmay_elf_hall_spiked, layout_geoelf_grid, minmay_misc_feat_rows
Vaults:1: nicolae_vaults_inception_network, v_misc_9, hangedman_vaults_stagger,
          hangedman_vaults_slice, nicolae_vaults_arrows,
          nicolae_vaults_little_squares_5, v_misc_28, hangedman_vaults_hat,
          nicolae_vaults_little_squares_5, layout_vaults_omnibox, uniq_asterion
Vaults:2: nicolae_vaults_an_arrangement, blue_anna_dwarven_crypt, v_misc_1,
          v_misc_3, v_alt_pattern_6, vaults_dpeg_cross,
          nicolae_vaults_three_branches, v_pattern_3, v_misc_10,
          layout_vaults_big_room
Vaults:3: ontoclasm_vaults_tryst, nicolae_vaults_network_quinsquares
          [nicolae_vaults_network_quincunx_subvault,
          nicolae_vaults_network_quincunx_subvault,
          nicolae_vaults_network_quincunx_subvault,
          nicolae_vaults_network_quincunx_subvault], vaults_room_fancy_cross,
          nicolae_vaults_specimen_jars, nicolae_vaults_network_star,
          nicolae_vaults_little_squares_3, nicolae_vaults_angled_halls,
          ontoclasm_vaults_pinch, layout_vaults_quadrants, uniq_margery,
          uniq_mennas, uniq_bai_suzhen
Vaults:4: v_misc_8, ontoclasm_vaults_ring_small, v_alt_pattern_3,
          nicolae_vaults_angled_halls, special_room_vaults [special_room_orc],
          nicolae_vaults_windows_and_doors_thing, v_alt_pattern_3,
          hangedman_vaults_cutoff, nicolae_vaults_network_barrier,
          hangedman_vaults_locks, nicolae_vaults_puzzle_piece, v_misc_14,
          hangedman_vaults_pinch, layout_vaults_maze, serial_shops,
          bzr_entry_water
Depths:1: minmay_the_grid_triangle_9x9_rhombus_full_mashed
          [minmay_the_grid_triangle_9x9_cache,
          minmay_the_grid_triangle_9x9_swiss_cheese,
          minmay_the_grid_triangle_9x9_thin_v,
          minmay_the_grid_triangle_9x9_longest,
          minmay_the_grid_triangle_9x9_zippers_horizontal,
          minmay_the_grid_triangle_9x9_flanged_cone,
          minmay_the_grid_triangle_9x9_limited_checkers,
          minmay_the_grid_triangle_9x9_prize_center], layout_cave_pools,
          lightli_too_deep, kennysheep_path_1, kennysheep_crisscross,
          evilmike_butchery
Depths:2: impenetrable_vault, layout_basic, grunt_pan_entry_spiral, hell_entry,
          hangedman_abyss_entry_splay, minmay_staircase_windowed_large
Depths:3: hangedman_six_sided_sadism, layout_gridlike, serial_bayou_ford_a,
          abyss_entry, hell_entry, rand_demon_pan_entry_4
Depths:4: grunt_crosshair, layout_gridville, enter_ziggurat_e,
          nicolae_abyss_entry_one_way_or_another, minivault_14, hell_entry,
          kb_rosetta, serial_bayou_shore_b
Zot:1:    layout_onion
Zot:2:    dreamdust_zin_vs_xom, layout_misc_corridors
Zot:3:    layout_gridville
Zot:4:    layout_gridville, hellmonk_ghost_happy_afterlife, lemuel_elevator,
          uniq_grunn
Zot:5:    layout_basic
Abyss:4:  base: Lair:3, guppyfry_abyss_exit_spiral_guarded,
          evilmike_abyss_exit_10, hangedman_abyss_or_decor_stabs, minivault_11,
          hangedman_abyss_sting, grunt_abyss_rune_forest_and_sorcery,
          hangedman_abyss_or_decor_stabs, nicolae_abyss_rune_left_handed

Skill      XL: |  1  2  3  4  5  6  7  8  9 10 11 12 13 14 15 16 17 18 19 20 21 22 23 24 25 |
---------------+----------------------------------------------------------------------------+-----
Axes           | 4 5 6 8 9 11 13 14 15 18 20 22 24 | 24.0
Dodging        | 4 6 7 9 10 12 15 16 17 20 22 24 25 | 25.1
Fighting       | 10 12 13 14 17 19 21 23 24 26 27 | 27.0
Stealth        | 6 8 14 15 | 15.2
Evocations     | 6 9 13 16 | 16.1

Action                     |  1- 3 |  4- 6 |  7- 9 | 10-12 | 13-15 | 16-18 | 19-21 | 22-24 | 25-27 || total
---------------------------+-------+-------+-------+-------+-------+-------+-------+-------+-------++-------
  Melee: Hand axe          |   113 |    21 |    11 |       |       |       |       |       |       ||   145
         Tailslap          |    13 |    12 |    25 |    52 |   138 |   266 |   264 |   316 |    63 ||  1149
         Punch             |     1 |     1 |     3 |       |       |       |       |       |       ||     5
         War axe           |       |   100 |   143 |       |     4 |       |       |       |       ||   247
         Battleaxe         |       |       |    53 |   455 |   751 |   443 |       |       |       ||  1702
         Executioner's axe |       |       |       |       |    15 |   872 |  1238 |  1314 |   235 ||  3674
  Throw: Dart              |       |       |    10 |    29 |     6 |    36 |       |       |       ||    81
         Stone             |       |       |     8 |       |       |       |    10 |    15 |    15 ||    48
 Invoke: Berserk           |       |     4 |     2 |     8 |     5 |     3 |       |       |       ||    22
         Brothers in Arms  |       |       |       |       |     1 |     4 |     1 |     1 |       ||     7
         Trog's Hand       |       |       |       |       |       |     1 |     3 |     2 |     2 ||     8
Ability: Breathe Fire      |       |       |    11 |    23 |    16 |    32 |     4 |       |       ||    86
  Evoke: Wand              |       |     2 |     3 |       |    11 |     2 |       |     8 |     2 ||    28
         Lightning rod     |       |       |       |       |       |     8 |       |       |       ||     8
         Condenser vane    |       |       |       |       |       |       |       |     1 |       ||     1
    Use: Scroll            |     2 |     1 |     5 |     8 |    16 |    20 |    11 |    10 |     1 ||    74
         Potion            |       |       |       |     1 |     1 |    15 |     4 |    13 |     3 ||    37
   Stab: Paralysed         |       |     5 |       |       |       |       |       |       |       ||     5
         Sleeping          |       |       |     1 |       |     9 |    12 |    31 |    25 |       ||    78
         Petrified         |       |       |       |       |     4 |       |       |       |       ||     4
         Distracted        |       |       |       |       |       |     1 |    11 |     7 |     2 ||    21
 Armour: Skin              |    45 |    38 |    62 |   168 |   189 |   501 |   262 |   349 |    44 ||  1658
  Dodge: Dodged            |    71 |    81 |   143 |   338 |   404 |  1063 |   668 |  1144 |   185 ||  4097
  Block: Other             |       |       |       |       |       |       |   151 |   257 |    28 ||   436
         Reflection        |       |       |       |       |       |       |    11 |     7 |     2 ||    20

Table legend: (Time is in decaauts)
 A = Elapsed time spent in this place.
 B = Non-inter-level travel time spent in this place.
 C = Inter-level travel time spent in this place.
 D = Time resting spent in this place.
 E = Time spent auto-exploring this place.
 F = Levels seen in this place.
 G = Mean time per level.
                   A        B        C        D        E       F      G
               +--------+--------+--------+--------+--------+-----+--------+
         Total |  85512 |  80404 |   5108 |  16586 |  47646 |  59 | 1449.4 |
       Dungeon |  19868 |  18225 |   1643 |   3040 |  11786 |  15 | 1324.5 |
          Lair |   7969 |   7075 |    894 |   1399 |   4481 |   5 | 1593.8 |
        Shoals |   5556 |   5291 |    265 |    616 |   3569 |   4 | 1389.0 |
   Spider Nest |  10484 |   9898 |    586 |   4789 |   3343 |   4 | 2621.0 |
    Slime Pits |   2145 |   2043 |    102 |    199 |   1037 |   5 |  429.0 |
  Orcish Mines |   3348 |   3240 |    108 |   1503 |    982 |   2 | 1674.0 |
   Elven Halls |   6387 |   6036 |    351 |   1051 |   3831 |   3 | 2129.0 |
        Vaults |  10582 |  10212 |    370 |   1061 |   7654 |   4 | 2645.5 |
        Depths |   6519 |   6047 |    472 |    116 |   4808 |   4 | 1629.8 |
           Zot |  10441 |  10128 |    313 |   2286 |   5928 |   5 | 2088.2 |
         Abyss |    247 |    247 |      0 |      0 |      0 |   3 |   82.3 |
        Bazaar |     96 |     96 |      0 |      0 |     75 |   1 |   96.0 |
         Sewer |    227 |    227 |      0 |     35 |     25 |   1 |  227.0 |
        Bailey |    817 |    817 |      0 |    344 |    124 |   1 |  817.0 |
       Volcano |    177 |    177 |      0 |      0 |      0 |   1 |  177.0 |
      Gauntlet |    643 |    643 |      0 |    145 |      0 |   1 |  643.0 |
               +--------+--------+--------+--------+--------+-----+--------+

Top non-repeatable levels by time:
Spider:3: 3686 daAuts
Vaults:1: 3504 daAuts
   Zot:3: 2783 daAuts
Vaults:3: 2511 daAuts
Vaults:2: 2385 daAuts
Spider:1: 2285 daAuts
   Zot:4: 2268 daAuts
Spider:4: 2267 daAuts
Spider:2: 2244 daAuts
   Elf:2: 2220 daAuts
   Elf:3: 2217 daAuts
Vaults:4: 2181 daAuts
    D:14: 2163 daAuts
   Zot:1: 2151 daAuts
Depths:3: 2076 daAuts
